 Dungeon Crawl Stone Soup version 0.31-a0-1547-g618ab1f346 (webtiles) character file.

Game seed: 76020677692244853

5779 Flugslaktarn the Toxicologist (level 10, 0/68 HPs)
             Began as an Octopode Alchemist on Jan 3, 2024.
             Was a Follower of Ashenzari.
             Slain by a sixfirhy (11 damage)
             ... on level 9 of the Dungeon.
             The game lasted 00:12:24 (3636 turns).

Flugslaktarn the Toxicologist (Octopode Alchemist)  Turns: 3636, Time: 00:12:25

Health: 0/68       AC:  5    Str:  7    XL:     10   Next: 78%
Magic:  1/20       EV: 14    Int: 22    God:    Ashenzari [*.....]
Gold:   483        SH:  0    Dex: 13    Spells: 3/22 levels left

rFire   . . .        g - +2 mace "Behold Eternity" {drain, Elem, Fort} (curse)
rCold   . . .        (no shield)
rNeg    . . .        (helmet restricted)
rPois   .            d - amulet of regeneration
rElec   .            p - ring of Ashenzari's Yoke {AC+4, Range, Self} (curse)
rCorr   .            (no ring)
SInv    .            (no ring)
Will    .....        (no ring)
Stlth   +++          (no ring)
HPRegen 1.11/turn    (no ring)
MPRegen 0.17/turn    (no ring)
                     (no ring)

%: no passive effects
@: about to teleport
A: almost no armour, amphibious, 8 rings, camouflage 1, gelatinous body 1,
(nimble swimmer 1), tentacles
a: Renounce Religion, Curse Item, Shatter the Chains


You were on level 9 of the Dungeon.
You worshipped Ashenzari.
Ashenzari was aware of your devotion.
You visited 1 branch of the dungeon, and saw 9 of its levels.

You collected 483 gold pieces.

Inventory:

Hand Weapons
 g - the cursed +2 mace "Behold Eternity" (weapon) {drain, Elem, Fort}
   (You found it on level 2 of the Dungeon)

   It has a curse which improves the following skills: Elements: Fire Magic, Ice
   Magic, Air Magic and Earth Magic.
   Fortitude: Shields.
Jewellery
 d - an amulet of regeneration (around mantle)
   (You found it on level 5 of the Dungeon)
 p - the cursed ring of Ashenzari's Yoke (left tentacle) {AC+4, Range, Self}
   (You found it on level 1 of the Dungeon)

   [ring of protection]

   AC+4:      It affects your AC (+4).
   It has a curse which improves the following skills: Ranged Combat: Ranged
   Weapons and Throwing.
   Introspection: Fighting and Spellcasting.
Talismans
 l - a maw talisman
   (You found it on level 5 of the Dungeon)
Wands
 a - a wand of charming (4)
   (You found it on level 6 of the Dungeon)
Scrolls
 b - a scroll of enchant armour
 c - 3 scrolls of poison
 e - 2 scrolls of revelation
 f - 2 scrolls of immolation
 i - 3 scrolls of enchant weapon
 j - a scroll of amnesia
 k - a scroll of fog
 o - a scroll of fear
 t - 2 scrolls of teleportation
Potions
 h - a potion of cancellation
 m - 2 potions of mutation
 n - a potion of attraction
 q - 2 potions of curing


   Skills:
 - Level 5.2(6.0) Fighting
 + Level 3.8 Dodging
 - Level 2.6 Stealth
 + Level 5.8(6.6) Spellcasting
 + Level 8.6 Conjurations
 - Level 4.0(4.7) Fire Magic
 + Level 2.8(3.5) Air Magic
 - Level 10.0 Alchemy


You had 3 spell levels left.
You knew the following spells:

 Your Spells              Type           Power      Damage    Failure   Level
a - Sting                 Conj/Alch      100%       1d9       1%          1
b - Olgreb's Toxic Radia  Alch           50%        N/A       1%          4
c - Sticky Flame          Fire/Alch      39%        2d8       4%          4
d - Irradiate             Conj/Alch      24%        3d19      5%          5
e - Arcjolt               Conj/Air       17%        1d27      19%         5

Your spell library contained the following spells:

 Spells                   Type           Power      Damage    Failure   Level
 Mercury Vapours          Alch/Air       74%        N/A       1%          2
 Mephitic Cloud           Conj/Alch/Air  39%        N/A       1%          3
 Sublimation of Blood     Necr           7%         N/A       13%         2
 Petrify                  Alch/Erth      29%        N/A       11%         4
 Vhi's Electric Charge    Tloc/Air       30%        N/A       38%         4
 Freezing Cloud           Conj/Ice/Air   12%        6-21      41%         5
 Plasma Beam              Fire/Air       12%        2x1d23    94%         6


Dungeon Overview and Level Annotations

Branches:
Dungeon (9/15)             Temple (0/1) D:7            Lair (0/5) D:9
    Orc: D:9-12

Altars:
Ashenzari
Fedhas
Nemelex Xobeh
Xom
Zin

Shops:
D:1 ?

Annotations:
D:3 2 runed translucent doors, Grinder; makewrite's ghost, novice FoFi


Innate Abilities, Weirdness & Mutations

You cannot wear most types of armour.
You are amphibious.
You can wear up to eight rings at the same time.
Your skin changes colour to match your surroundings (Stealth+).
Your rubbery body absorbs attacks. (AC +1, EV +1)
((You are camouflaged when in or above water. (Stealth+)))
You have tentacles for arms and can constrict up to eight enemies at once.


Message History

The orc shouts!
The orc wizard shouts!
Found a +0 helmet.
Casting: Sticky Flame (dangerous; 4% risk of failure)
Confirm with . or Enter, or press ? or * to list all spells.
You begin to radiate toxic energy.
The orc warrior is poisoned.
The orc wizard is poisoned.
The orc is poisoned.
The orc warrior looks even sicker.
You kill the orc!
A water moccasin comes into view.
The orc warrior looks even sicker.
Your toxic aura wanes.
You see here 18 gold pieces.
There is a staircase to the Lair here.
The orc wizard gestures at you while chanting.
You easily resist.
You see here a +0 dagger.
Casting: Olgreb's Toxic Radiance (dangerous; 1% risk of failure)
Confirm with . or Enter, or press ? or * to list all spells.
You begin to radiate toxic energy.
You kill the orc wizard!
Your toxic aura wanes.
You kill the orc warrior!
Training target 6.0 for Fighting reached!
Casting: Olgreb's Toxic Radiance (dangerous; 1% risk of failure)
Confirm with . or Enter, or press ? or * to list all spells.
Aiming: Sticky Flame (dangerous; 4% risk of failure)
Press: ? - help, Shift-Dir - straight line, f - water moccasin
Aim: a water moccasin The sticky flame hits the water moccasin!
The water moccasin is heavily wounded.
The water moccasin burns!
The water moccasin misses you.
You closely miss the water moccasin. Your grab misses the water moccasin.
You squeeze the water moccasin!
You kill the water moccasin!
You see here a +0 dagger.
There is a staircase to the Lair here.
You now have 483 gold pieces (gained 18).
As you open the door, it creaks loudly!
There is an open door here.
Found an escape hatch in the floor.
There is an open door here.
Unknown command.
There is an escape hatch in the floor here.
An orc comes into view. It is wielding a +0 club.
An orc is nearby!
Unknown command.
An orc warrior, an orc wizard and an orc come into view.
Found a scroll of identify.
An orc priest comes into view. It is wielding a +0 flail.
Found a +0 robe.
The orc priest shouts!
The orc shouts!
The orc warrior shouts!
You hear a chilling moan.
Casting: Sticky Flame (dangerous; 4% risk of failure)
Confirm with . or Enter, or press ? or * to list all spells.
Aiming: Sting (safe; 1% risk of failure)
Press: ? - help, Shift-Dir - straight line, f - orc warrior
Aim: an orc warrior, wielding a +0 glaive and wearing a +0 chain mail (75% to hit)
The sting hits the orc warrior.
The orc warrior is poisoned.
The orc warrior is lightly wounded.
The orc wizard shouts!
The orc wizard casts a spell.
The orc wizard flickers and vanishes!
Deactivating autopickup; reactivate with Ctrl-A.
The orc warrior attacks as it pursues you!
The orc warrior hits you from afar with a +0 glaive!
A sixfirhy comes into view.
Casting: Sting (safe; 1% risk of failure)
Confirm with . or Enter, or press ? or * to list all spells.
You begin to radiate toxic energy.
The sixfirhy is poisoned.
The orc warrior looks even sicker.
The orc is poisoned. x2
The orc priest is poisoned.
The sixfirhy looks even sicker.
The orc warrior looks even sicker.
The orc looks even sicker.
The orc warrior closely misses you.
A puff of flame appears from out of thin air!
The puff of flame misses you.
The orc warrior looks as sick as possible!
You kill the orc! x2
The orc priest looks even sicker.
The orc warrior attacks as it pursues you!
The orc warrior closely misses you.
Your toxic aura wanes.
The orc priest miscasts a cantrip.
The sixfirhy hits you but does no damage.
The sixfirhy hits you. The sixfirhy shocks you!
The orc priest calls upon Beogh to heal the orc warrior.
The orc warrior is healed somewhat.
As you read the scroll of teleportation, it crumbles to dust.
You feel strangely unstable.
Okay, then.
You closely miss the sixfirhy. You grab the sixfirhy. You squeeze the sixfirhy!
The sixfirhy is moderately wounded.
You constrict the sixfirhy. The sixfirhy barely misses you.
The orc warrior hits you from afar with a +0 glaive!
The sixfirhy hits you. The sixfirhy shocks you!
Unknown command.
You release your grip on the sixfirhy.
You feel a bit more experienced. The sixfirhy hits you!
* * * LOW HITPOINT WARNING * * *
The sixfirhy shocks you!
You die...

####.# #........#
####.#######+#### ...#†#..##
#.## # .......).###..# ####.##
...........##.# .......
..#.##......#'## ####)......
............#..# ##o...).....
#.#...###....#.####o.##.......
.###.##........'@3..## .3.?...
..#...###.#)...###### .......
.#............~# ..[....
...)>.))......## .......
.#.............# .......
##....###.#...## ###..~≈
###.## ......# #...# #....##
.............#


You could see a sixfirhy (poisoned) and an orc warrior (very poisoned).

Vanquished Creatures
  A two-headed ogre (D:8)
  A rime drake (D:9)
  A troll (D:5)
  A polar bear (D:9)
  A hornet (D:9)
  2 wyverns
  5 yaks (D:7)
  3 water moccasins
  2 orc warriors
  2 sky beasts
  8 ice beasts
  A black bear (D:6)
  An ogre (D:6)
  4 centaurs
  2 kobold brigands
  2 bullfrogs
  2 scorpions
  8 wights (D:8)
  A howler monkey (D:9)
  5 bombardier beetles
  2 hounds
  3 orc priests
  A jelly (D:4)
  4 iguanas
  3 orc wizards
  3 adders
  A shadow imp (D:7)
  A white imp (D:6)
  2 ufetubi (D:6)
  2 dart slugs
  2 ribbon worms
  21 orcs
  7 ball pythons
  3 endoplasms
  3 giant cockroaches
  4 goblins
  6 hobgoblins
  6 jackals
  3 quokkas
  6 bats
  A frilled lizard (D:3)
  18 kobolds
  3 rats
158 creatures vanquished.

Notes
Turn   | Place    | Note
-------+----------+-------------------------------------------
     0 | D:1      | Flugslaktarn the Octopode Alchemist began the quest for the
                  | Orb.
     0 | D:1      | Reached XP level 1. HP: 11/11 MP: 3/3
   157 | D:1      | Found Cecaun's Magic Scroll Boutique.
   159 | D:1      | Reached XP level 2. HP: 17/17 MP: 3/5
   446 | D:2      | Reached skill level 4 in Alchemy
   519 | D:2      | Reached XP level 3. HP: 20/21 MP: 1/6
   621 | D:3      | Noticed Grinder
   775 | D:3      | Reached XP level 4. HP: 14/27 MP: 1/8
   808 | D:3      | Found a runed translucent door.
   847 | D:4      | Reached skill level 5 in Alchemy
   876 | D:4      | Reached XP level 5. HP: 27/31 MP: 0/9
   884 | D:4      | Learned a level 4 spell: Olgreb's Toxic Radiance
   910 | D:4      | Found a broken altar of Ashenzari.
   934 | D:4      | Became a worshipper of Ashenzari the Shackled
   964 | D:4      | Noticed a phantom
   990 | D:3      | Found a runed translucent door.
  1017 | D:3      | Noticed makewrite's ghost (novice FoFi)
  1166 | D:4      | Reached skill level 6 in Alchemy
  1166 | D:4      | Reached XP level 6. HP: 36/36 MP: 7/11
  1221 | D:5      | Entered Level 5 of the Dungeon
  1221 | D:5      | Noticed a sky beast
  1231 | D:5      | Killed a sky beast
  1232 | D:5      | Reached skill level 7 in Alchemy
  1232 | D:5      | Reached XP level 7. HP: 40/41 MP: 3/13
  1471 | D:3      | Paralysed by Grinder for 3 turns
  1487 | D:4      | Learned a level 4 spell: Sticky Flame
  1493 | D:4      | Learned a level 5 spell: Irradiate
  1627 | D:5      | Noticed a troll
  1722 | D:5      | Reached skill level 1 in Fire Magic
  1780 | D:5      | Killed a troll
  1781 | D:5      | Reached skill level 8 in Alchemy
  1781 | D:5      | Reached XP level 8. HP: 22/46 MP: 6/15
  1857 | D:5      | Reached skill level 5 in Spellcasting
  2174 | D:6      | Reached skill level 1 in Fighting
  2265 | D:6      | Found a glowing silver altar of Zin.
  2360 | D:6      | Found a sparkling altar of Nemelex Xobeh.
  2470 | D:7      | Noticed a yak
  2471 | D:7      | Noticed a yak
  2472 | D:7      | Noticed a yak
  2482 | D:7      | Killed a yak
  2483 | D:7      | Reached skill level 9 in Alchemy
  2483 | D:7      | Reached XP level 9. HP: 23/54 MP: 4/16
  2522 | D:6      | Found a blossoming altar of Fedhas.
  2631 | D:7      | Reached skill level 5 in Conjurations
  2681 | D:7      | Reached skill level 10 in Alchemy
  2834 | D:7      | Found a staircase to the Ecumenical Temple.
  2925 | D:8      | Reached * piety under Ashenzari
  3010 | D:8      | Noticed a two-headed ogre
  3027 | D:8      | Killed a two-headed ogre
  3028 | D:8      | Reached XP level 10. HP: 65/65 MP: 7/18
  3034 | D:8      | Learned a level 5 spell: Arcjolt
  3176 | D:8      | Reached skill level 1 in Air Magic
  3288 | D:9      | Found a shimmering altar of Xom.
  3397 | D:9      | Found a staircase to the Lair.
  3495 | D:9      | Reached skill level 5 in Fighting
  3628 | D:9      | Noticed a sixfirhy
  3636 | D:9      | Slain by a sixfirhy

Illustrated notes

Levels and vault maps discovered:
D:1:      giann_forest_graveyard, layout_basic, serial_shops,
          nicolae_shop_crystal, minmay_tetromino_t2
D:2:      layout_basic, minivault_27, serial_park_tiny_pond
D:3:      layout_basic, ebering_ghost_sewer_f, uniq_robin, uniq_sigmund,
          uniq_grinder
D:4:      layout_basic, evilmike_ruin_ashenzari, feat_on_display
D:5:      layout_basic
D:6:      layout_gridville, fedhas_altar_1, lemuel_doored_altar,
          kennysheep_mini_moat
D:7:      layout_cave_pools, lemuel_round_altar, minmay_temple_entry_grid
D:8:      layout_rooms
D:9:      layout_roguey, mainiacjoe_overflow_cross_hatched,
          mainiacjoe_overflow_alcove_1, hellmonk_lair_entry_icy, serial_demonic,
          serial_demonic_c, serial_demonic_e, serial_demonic_g,
          serial_demonic_d, serial_demonic_g, serial_demonic_f,
          serial_demonic_c, serial_demonic_f, minmay_misc_feat_columns

Skill      XL: |  1  2  3  4  5  6  7  8  9 10 |
---------------+-------------------------------+-----
Alchemy        | 4 5 6 7 8 9 10 | 10.0
Spellcasting   | 3 4 5 |  5.8
Fire Magic     | 3 4 |  4.0
Fighting       | 2 4 5 |  5.2
Conjurations   | 4 8 |  8.6
Air Magic      | 2 |  2.8
Dodging        | 3 |  3.8
Stealth        | |  2.6

Action                     |  1- 3 |  4- 6 |  7- 9 | 10-12 || total
---------------------------+-------+-------+-------+-------++-------
  Melee: Unarmed           |    19 |       |       |       ||    19
         Constrict         |     9 |     3 |     9 |     9 ||    30
         Tentacles         |     8 |     6 |     7 |    13 ||    34
         Mace              |    10 |    19 |    31 |    37 ||    97
         Punch             |     1 |       |       |       ||     1
   Cast: Sting             |    39 |    26 |    46 |    10 ||   121
         Olgreb's Toxic Ra |       |     3 |    27 |     9 ||    39
         Sticky Flame      |       |       |     7 |    15 ||    22
 Invoke: Curse Item        |       |       |     2 |       ||     2
  Evoke: Wand              |       |       |       |     5 ||     5
    Use: Scroll            |       |     7 |     5 |     2 ||    14
         Potion            |       |       |     3 |       ||     3
 Armour: Skin              |    31 |    19 |    40 |    59 ||   149
  Dodge: Dodged            |    40 |    21 |    46 |    60 ||   167

Table legend: (Time is in decaauts)
 A = Elapsed time spent in this place.
 B = Non-inter-level travel time spent in this place.
 C = Inter-level travel time spent in this place.
 D = Time resting spent in this place.
 E = Time spent auto-exploring this place.
 F = Levels seen in this place.
 G = Mean time per level.
                   A        B        C        D        E       F      G
               +--------+--------+--------+--------+--------+-----+--------+
         Total |   3674 |   3411 |    263 |    110 |   1513 |   9 |  408.2 |
       Dungeon |   3674 |   3411 |    263 |    110 |   1513 |   9 |  408.2 |
               +--------+--------+--------+--------+--------+-----+--------+

Top non-repeatable levels by time:
     D:5: 730 daAuts
     D:6: 482 daAuts
     D:4: 451 daAuts
     D:1: 403 daAuts
     D:8: 380 daAuts
     D:9: 369 daAuts
     D:7: 354 daAuts
     D:2: 297 daAuts
     D:3: 204 daAuts
